 Dungeon Crawl Stone Soup version 0.22.1-5-g62c59d9 (webtiles) character file.

12176 JustSomeDude the Cleaver (level 11, -7/84 HPs)
             Began as a Demonspawn Fighter on Jan 14, 2019.
             Was an Elder of Qazlal.
             Mangled by a brown ugly thing (9 damage)
             ... on level 12 of the Dungeon.
             The game lasted 00:27:30 (9902 turns).

JustSomeDude the Cleaver (Demonspawn Fighter)       Turns: 9902, Time: 00:27:30

Health: -7/84      AC:  4    Str: 30    XL:     11   Next: 59%
Magic:  0/14       EV: 13    Int: 10    God:    Qazlal [****..]
Gold:   471        SH: 18    Dex: 13    Spells: 10/10 levels left

rFire    + . .     SeeInvis .   B - +3 war axe
rCold    . . .     Gourm    .   c - +1 shield
rNeg     + . .     Faith    .   u - +0 robe of Time Monsters {-Tele rElec rF+ Str+9}
rPois    .         Spirit   +   e - +2 hat
rElec    +         Reflect  .   o - +0 cloak
rCorr    .         Harm     +   (no gloves)
MR       .....     NoTele   +   (no boots)
Stlth    +.........             j - amulet of harm
HPRegen  0.24/turn              p - ring of positive energy
MPRegen  0.28/turn              H - +2 ring of strength

@: corroded, very slightly contaminated, drained, invisible, repel missiles
A: slimy green scales 2, spiny 1, magic shield, magic regeneration
a: Upheaval, Elemental Force, Renounce Religion


You were on level 12 of the Dungeon.
You worshipped Qazlal.
Qazlal was greatly pleased with you.
You were hungry.

You visited 2 branches of the dungeon, and saw 13 of its levels.
You also visited: Bailey.

You collected 579 gold pieces.
You spent 108 gold pieces at shops.

Inventory:

Hand Weapons
 B - a +3 war axe (weapon)
Missiles
 D - 70 tomahawks of returning (quivered)
Armour
 b - a +0 scale mail
 c - a +1 shield (worn)
 e - a +2 hat (worn)
 o - a +0 cloak (worn)
 u - the +0 robe of Time Monsters (worn) {-Tele rElec rF+ Str+9}
   (You took it off a crimson imp on level 5 of the Dungeon)

   It affects your strength (+9).
   It protects you from fire.
   It insulates you from electricity.
   It prevents most forms of teleportation.
 y - a +0 large shield
 G - a +2 troll leather armour {Snorg}
 N - +0 steam dragon scales
Jewellery
 h - an uncursed ring of flight
 j - an amulet of harm (around neck)
 p - a ring of positive energy (left hand)
 H - a +2 ring of strength (right hand)
 I - an uncursed ring of ice
 K - an uncursed ring of protection from fire {unknown}
Wands
 g - a wand of iceblast (9)
 s - a wand of enslavement (13)
 F - a wand of clouds (6)
 L - a wand of disintegration (15)
 O - a wand of acid (11)
Scrolls
 d - 5 scrolls of identify
 i - 6 scrolls of remove curse
 k - a scroll of noise {unknown}
 l - 2 scrolls of magic mapping {unknown}
 m - 4 scrolls of amnesia {unknown}
 t - a scroll of fear
 v - a scroll of enchant armour
 w - 3 scrolls of enchant weapon
 z - 4 scrolls of teleportation {unknown}
 E - a scroll of acquirement {unknown}
 M - 2 scrolls of random uselessness {unknown}
 Q - a scroll of silence {unknown}
Potions
 a - a potion of mutation {unknown}
 n - a potion of cancellation
 q - 3 potions of magic
 r - 2 potions of degeneration
 x - a potion of agility
 A - 4 potions of curing
 C - 4 potions of heal wounds
Comestibles
 f - 19 rations


   Skills:
 + Level 7.4(7.2) Fighting
 + Level 11.0(10.7) Axes
 + Level 4.6(4.3) Armour
 + Level 5.6(5.4) Dodging
 + Level 8.4(8.2) Shields
 * Level 4.9(4.6) Invocations
 * Level 3.6(3.4) Evocations


You had 10 spell levels left.
You didn't know any spells.
Your spell library contained the following spells:

 Spells                   Type           Power        Failure   Level  Hunger
 Corona                   Hex            #......      65%         1    ##.....
 Magic Dart               Conj           #...         65%         1    ##.....
 Searing Ray              Conj           #.....       80%         2    ###....
 Slow                     Hex            #.......     80%         2    ###....
 Dazzling Spray           Conj/Hex       #.....       95%         3    ####...
 Inner Flame              Hex/Fire       #.......     95%         3    ####...
 Portal Projectile        Hex/Tloc       #.....       95%         3    ####...
 Cause Fear               Hex            #.........   100%        4    #####..
 Force Lance              Conj/Tloc      #.......     100%        4    #####..
 Fulminant Prism          Conj/Hex       #.........   100%        4    #####..
 Iskenderun's Mystic Bla  Conj           #.......     100%        4    #####..
 Leda's Liquefaction      Hex/Erth       #.........   100%        4    #####..
 Bolt of Magma            Conj/Fire/Erth #.........   100%        5    ######.
 Iron Shot                Conj/Erth      #.........   100%        6    #######
 Statue Form              Tmut/Erth      #........    100%        6    #######
 Shatter                  Erth           #.........   100%        9    #######


Dungeon Overview and Level Annotations

Branches:
Dungeon (12/15)            Temple (1/1) D:6            Lair (0/6) D:9
    Orc (0/2) D:9

Altars:
Ashenzari
Cheibriados
Dithmenos
Elyvilon
Fedhas
Gozag
Hepliaklqana
Kikubaaqudgha
Makhleb
Nemelex Xobeh
Okawaru
Qazlal
Ru
Sif Muna
Trog
Uskayaw
Vehumet
Wu Jian
Xom
Yredelemnul
Zin
The Shining One

Shops:
D:6 ?}

Annotations:
D:5 1 runed door, kalagan's ghost, novice DEFE
D:10 3 runed doors, systemy's ghost, journeyman MiBe


Innate Abilities, Weirdness & Mutations

You are mostly covered in slimy green scales. (AC +3)
You are partially covered in sharp spines.
When hurt, damage is shared between your health and your magic reserves.
You regenerate magic rapidly.


Message History

The vampire mosquito misses your air elemental.
The kobold hits your air elemental with a short sword.
The centaur shoots an arrow.
The arrow hits the vampire mosquito!
Your air elemental hits the kobold.
The kobold dies!
Qazlal accepts your kill.
The vampire mosquito barely misses your air elemental.
You block the wight's attack.
The wight is engulfed in freezing vapours.
The wight hits you with a scimitar!
* * * LOW HITPOINT WARNING * * *
You partially resist.
You feel drained.
* * * LOW HITPOINT WARNING * * *
The centaur shoots an arrow.
You block the arrow. You block the wight's attack.
The centaur wields a shortbow.
The centaur shoots an arrow.
The arrow misses your air elemental. You block the arrow.
The yak is struck by your spines. The yak gores you!
* * * LOW HITPOINT WARNING * * *
The brown ugly thing trunk-slaps you!
You die...

.#.. .. ... ...
# #..######...
.#...........
............
.####..§.z.....
.....§.zzKKzK..
....Z.§@u§†K5.K
..#.#.YY§EK.K..
#...§yc...5
##..yccc$5.
...c......
..W####G#.#
.... .... .....
... ....#. ##


You could see a brown ugly thing, 2 yaks, an eye of draining, 2 vampire
mosquitoes, a big kobold, a shadow, 5 centaurs, 4 wights, 3 white imps, a
centaur warrior zombie (wandering), 6 kobolds and a friendly air elemental.

Vanquished Creatures
  Snorg (D:11)
  2 two-headed ogres
  Pikel (D:9)
  An orc knight (Bailey)
  An ugly thing (D:11)
  A gargoyle (D:7)
  2 trolls
  Prince Ribbit (D:5)
  2 hippogriffs
  A wyvern (D:10)
  14 yaks
  Eustachio (D:5)
  A steam dragon (D:10)
  A water moccasin (D:10)
  3 ice beasts
  3 sky beasts
  2 phantoms
  3 slaves (D:9)
  A hornet zombie (D:10)
  5 ogres
  An eye of draining (D:11)
  A necrophage (D:12)
  8 centaurs
  A crocodile (D:7)
  A big kobold (D:9)
  4 bullfrogs
  5 scorpions
  6 killer bees (D:7)
  3 wights (D:8)
  5 howler monkeys
  10 crimson imps
  A lava snake (D:9)
  A quasit (D:11)
  2 bullfrog zombies
  4 centaur skeletons
  An orc priest (D:8)
  A bullfrog skeleton (D:5)
  5 jellies (D:8)
  7 orc wizards
  2 iguanas
  11 worker ants
  2 hound zombies (D:7)
  A hound skeleton (D:5)
  4 worker ant zombies
  20 gnolls
  11 adders
  4 shadow imps
  8 oozes
  An adder skeleton (D:7)
  3 worms
  2 dart slugs (D:2)
  A leopard gecko (D:2)
  23 orcs
  7 bats
  A giant cockroach (D:4)
  3 goblins
  16 hobgoblins
  13 jackals
  18 kobolds
  4 quokkas
  A ball python skeleton (D:4)
  A frilled lizard (D:5)
  A leopard gecko skeleton (D:5)
  A quokka skeleton (D:4)
  14 rats
287 creatures vanquished.

Vanquished Creatures (collateral kills)
  A kobold (D:12)
1 creature vanquished.

Vanquished Creatures (others)
  A gargoyle (D:1)
  A vine stalker (D:1)
  2 elves (D:1)
  A vampire (D:1)
  3 centaurs (D:1)
  2 ogres
  An iguana (D:9)
  A mummy (D:1)
  An orc (D:1)
  A kobold (D:1)
  4 tentacles (D:1)
18 creatures vanquished.

Grand Total: 306 creatures vanquished

Notes
Turn   | Place    | Note
-------+----------+-------------------------------------------
     0 | D:1      | JustSomeDude the Demonspawn Fighter began the quest for the
                  | Orb.
     0 | D:1      | Reached XP level 1. HP: 18/18 MP: 1/1
     0 | D:1      | Noticed a vine stalker
     0 | D:1      | Noticed an elf
     0 | D:1      | Noticed a vampire
     0 | D:1      | Noticed a centaur
     0 | D:1      | Noticed a kraken
     0 | D:1      | Noticed an ogre
     0 | D:1      | Noticed an elf
     0 | D:1      | Noticed a gargoyle
     0 | D:1      | Noticed a centaur
     0 | D:1      | Noticed a centaur
     3 | D:1      | Killed a centaur
     4 | D:1      | Killed a centaur
    10 | D:1      | Killed a vampire
    11 | D:1      | Killed a gargoyle
    11 | D:1      | Killed an ogre
    11 | D:1      | Killed an elf
    11 | D:1      | Killed a centaur
    11 | D:1      | Killed a vine stalker
    12 | D:1      | Killed an elf
    76 | D:1      | Gained mutation: When hurt, damage is shared between your
                  | health and your magic reserves. [demonic ancestry]
    76 | D:1      | Reached XP level 2. HP: 6/24 MP: 2/2
   494 | D:1      | Reached skill level 2 in Axes
   886 | D:2      | Gained mutation: You are partially covered in slimy green
                  | scales. (AC +2) [demonic ancestry]
   886 | D:2      | Reached XP level 3. HP: 29/29 MP: 3/3
   921 | D:2      | Reached XP level 4. HP: 27/35 MP: 4/4
  1113 | D:2      | Reached skill level 1 in Dodging
  1148 | D:2      | Noticed a hippogriff
  1163 | D:2      | Killed a hippogriff
  1163 | D:2      | Reached skill level 3 in Axes
  1163 | D:2      | Reached XP level 5. HP: 6/42 MP: 1/5
  1163 | D:2      | Reached XP level 6. HP: 7/48 MP: 1/6
  2011 | D:3      | Found a shattered altar of Ashenzari.
  2742 | D:4      | Reached skill level 4 in Axes
  3153 | D:4      | Gained mutation: You regenerate magic rapidly. [demonic
                  | ancestry]
  3153 | D:4      | Reached XP level 7. HP: 45/53 MP: 7/7
  3237 | D:4      | Found an iron altar of Okawaru.
  3460 | D:5      | Entered Level 5 of the Dungeon
  3473 | D:5      | Noticed Eustachio
  3624 | D:5      | Noticed Prince Ribbit
  3643 | D:5      | Reached skill level 5 in Axes
  3689 | D:5      | Got a distressingly furry robe
  3697 | D:5      | Identified the cursed +0 robe of Time Monsters {-Tele rElec
                  | rF+ Str+9} (You took it off a crimson imp on level 5 of the
                  | Dungeon)
  3751 | D:5      | HP: 2/54 [Prince Ribbit (10)]
  3753 | D:5      | Killed Prince Ribbit
  3753 | D:5      | Reached XP level 8. HP: 3/61 MP: 1/8
  4029 | D:5      | Killed Eustachio
  4029 | D:5      | Reached skill level 6 in Axes
  4123 | D:5      | Found a hazy altar of Hepliaklqana.
  4189 | D:5      | Found a runed door.
  4217 | D:5      | Noticed kalagan's ghost (novice DEFE)
  4507 | D:6      | Found Foppiev's Gadget Emporium.
  4850 | D:6      | Found a staircase to the Ecumenical Temple.
  4856 | Temple   | Entered the Ecumenical Temple
  5073 | Temple   | Became a worshipper of Qazlal Stormbringer
  5139 | D:6      | Reached skill level 5 in Shields
  5284 | D:6      | Found Igin's Magic Scroll Shoppe.
  5293 | D:6      | Bought 3 scrolls of remove curse for 108 gold pieces
  5586 | D:7      | Reached skill level 7 in Axes
  5594 | D:7      | Reached skill level 5 in Fighting
  5784 | D:7      | Found a snail-covered altar of Cheibriados.
  5807 | D:7      | Found a sparkling altar of Nemelex Xobeh.
  5807 | D:7      | Found a white marble altar of Elyvilon.
  5810 | D:7      | Found a bloodstained altar of Trog.
  5823 | D:7      | Gained mutation: You are partially covered in sharp spines.
                  | [demonic ancestry]
  5823 | D:7      | Reached XP level 9. HP: 28/68 MP: 6/9
  5854 | D:7      | Noticed a gargoyle
  5875 | D:7      | Killed a gargoyle
  5875 | D:7      | Reached * piety under Qazlal
  5875 | D:7      | Reached skill level 8 in Axes
  6755 | D:8      | Found a flagged portal.
  6770 | Bailey   | Entered a bailey
  6906 | Bailey   | Noticed an orc knight
  6907 | Bailey   | Reached ** piety under Qazlal
  6918 | Bailey   | Killed an orc knight
  7466 | D:8      | Reached skill level 9 in Axes
  7639 | D:8      | Gained mutation: You are mostly covered in slimy green
                  | scales. (AC +3) [demonic ancestry]
  7639 | D:8      | Reached XP level 10. HP: 67/76 MP: 8/10
  8074 | D:9      | Noticed Pikel
  8105 | D:9      | Killed Pikel
  8130 | D:9      | Noticed a two-headed ogre
  8146 | D:9      | Killed a two-headed ogre
  8182 | D:9      | Reached *** piety under Qazlal
  8276 | D:9      | Reached skill level 10 in Axes
  8313 | D:9      | Found a staircase to the Orcish Mines.
  8381 | D:9      | Reached skill level 1 in Invocations
  8441 | D:9      | Found a staircase to the Lair.
  8619 | D:10     | Entered Level 10 of the Dungeon
  8625 | D:10     | Reached skill level 1 in Evocations
  8627 | D:10     | Reached skill level 5 in Dodging
  8752 | D:10     | Reached **** piety under Qazlal
  8796 | D:10     | Found a runed gate.
  8797 | D:10     | Found a runed gate.
  8797 | D:10     | Found an opulent altar of Gozag.
  8798 | D:10     | Found a runed gate.
  8805 | D:10     | Noticed systemy's ghost (journeyman MiBe)
  8836 | D:10     | Reached XP level 11. HP: 74/84 MP: 11/13
  9102 | D:11     | Noticed a two-headed ogre
  9111 | D:11     | Killed a two-headed ogre
  9418 | D:11     | Noticed a green ugly thing
  9424 | D:11     | Killed a green ugly thing
  9457 | D:11     | Noticed Snorg
  9466 | D:11     | Killed Snorg
  9614 | D:11     | Reached skill level 11 in Axes
  9895 | D:12     | Noticed a brown ugly thing
  9902 | D:12     | HP: 2/84 [yak (7)]
  9902 | D:12     | Mangled by a brown ugly thing

Skill      XL: |  1  2  3  4  5  6  7  8  9 10 11 |
---------------+----------------------------------+-----
Axes           | 2 3 4 5 7 9 10 11 | 11.0
Armour         | 3 4 |  4.6
Shields        | 3 4 5 6 7 8 |  8.4
Dodging        | 1 2 3 4 5 |  5.6
Fighting       | 4 5 6 7 |  7.4
Invocations    | 2 4 |  4.9
Evocations     | 1 3 |  3.6

Action                   |  1- 3 |  4- 6 |  7- 9 | 10-12 || total
-------------------------+-------+-------+-------+-------++-------
Melee: War axe           |    87 |   123 |   362 |   244 ||   816
Invok: Upheaval          |       |       |       |     2 ||     2
       Elemental Force   |       |       |       |     1 ||     1
  Use: Potion            |       |     5 |    11 |     3 ||    19
       Scroll            |       |       |     6 |     1 ||     7
 Stab: Distracted        |       |       |       |     1 ||     1
  Eat: Chunk             |       |     7 |    15 |     7 ||    29
Armor: Scale mail        |    54 |    69 |    28 |       ||   151
       Skin              |       |       |    32 |       ||    32
       Robe              |       |       |    49 |    31 ||    80
Dodge: Dodged            |    35 |    45 |   137 |    61 ||   278
       Deflected         |       |       |       |     4 ||     4
Block: Shield            |    63 |    68 |   234 |   226 ||   591
